 Dungeon Crawl Stone Soup version 0.18.1-48-g4cf74bf (webtiles) character file.

71 torvon the Charmwright (level 4, -5/34 HPs)
             Began as a Merfolk Skald on Aug 8, 2016.
             Slain by torvon's ghost (8 damage)
             ... on level 3 of the Dungeon.
             The game lasted 00:08:09 (1713 turns).

torvon the Charmwright (Merfolk Skald)              Turns: 1713, Time: 00:08:10

Health: -5/34      AC:  4    Str: 13    XL:     4   Next: 24%
Magic:  0/7        EV: 12    Int: 11    God:
Gold:   126        SH:  0    Dex: 13    Spells: 3 memorised, 1 level left

rFire  . . .     SeeInvis .     a - +0 spear
rCold  . . .     Gourm    .     b - +0 leather armour
rNeg   . . .     Faith    .     (no shield)
rPois  .         Spirit   +     (no helmet)
rElec  .         Dismiss  .     (no cloak)
rCorr  .         Reflect  .     h - +0 pair of gloves
SustAt .         Harm     .     (no boots)
MR     .....                    q - amulet of guardian spirit
Stlth  +.........               (no ring)
                                (no ring)

@: lethally poisoned (-5 -> -8), infused, not resistant to hostile enchantments,
very unstealthy
A: change form in water, swift swim
a: no special abilities


You were on level 3 of the Dungeon.
You were not hungry.

You visited 1 branch of the dungeon, and saw 3 of its levels.

You collected 126 gold pieces.

Inventory:

Hand Weapons
 a - a +0 spear (weapon)
 e - a +0 dagger
Armour
 b - a +0 leather armour (worn)
 h - a +0 pair of gloves (worn)
 i - a +0 robe
 l - a +0 leather armour
 t - a +0 large shield
Magical Staves
 u - an uncursed staff of death {unknown}
Jewellery
 d - a +3 ring of slaying {unknown}
 q - an amulet of guardian spirit (around neck)
Scrolls
 g - a scroll of immolation {unknown}
 j - a scroll of enchant weapon {unknown}
 k - a scroll of blinking {unknown}
 n - a scroll of remove curse {unknown}
 o - a scroll of enchant armour {unknown}
Potions
 f - 2 potions of flight {unknown}
 p - a potion of invisibility {unknown}
 r - a potion of might {unknown}
 s - a potion of brilliance {unknown}
Books
 c - a book of Battle

   Spells                             Type                      Level
   a - Infusion                       Charms                       1
   b - Shroud of Golubria             Charms/Translocation         2
   c - Song of Slaying                Charms                       2
   d - Spectral Weapon                Hexes/Charms                 3
   e - Regeneration                   Charms/Necromancy            3
Comestibles
 m - 3 fruits


   Skills:
 + Level 2.8 Fighting
 * Level 3.6 Polearms
 + Level 1.2 Armour
 + Level 2.3 Dodging
 + Level 2.3 Spellcasting
 + Level 3.8 Charms


You had one spell level left.
You knew the following spells:

 Your Spells              Type           Power        Failure   Level  Hunger
a - Infusion              Chrm           #...         10%         1    ##.....
b - Spectral Weapon       Hex/Chrm       #.......     50%         3    ####...
c - Shroud of Golubria    Chrm/Tloc      #.........   24%         2    ###....


Dungeon Overview and Level Annotations

Branches:
Dungeon (3/15)

Altars:
Elyvilon

Annotations:
D:3 torvon's ghost, amateur DrAK


Message History

You miss the adder.
The adder is moderately wounded.
The adder misses you. Torvon's ghost barely misses you. The adder bites you.
You are poisoned.
The adder poisons you!
You barely miss the adder.
The adder is moderately wounded.
You feel sick. The adder barely misses you. Torvon's ghost hits you!
You closely miss the adder.
The adder is moderately wounded.
The adder bites you but does no damage. Torvon's ghost hits you.
You hit the adder!
You kill the adder!
You feel sick. Torvon's ghost hits you.
* * * LOW HITPOINT WARNING * * *
Torvon's ghost hits you.
* * * LOW HITPOINT WARNING * * *
You see here an adder corpse.
Torvon's ghost hits you!
You die...

.........# #'# #....(..#
#.# #.......###### #.#
#.>..........# # ._.
+.....$......# ##. ###
#.#..........# .... ###
#.#..........#
....#######............#
.........†@............#
...##....W###..........#
..........# ############
..###...#.# .......<#.#
..#.#.###.# #... #.#
#.## #.# #.


You could see torvon's ghost.

Vanquished Creatures
  2 adders
  4 dart slugs
  A giant gecko (D:1)
  2 bats (D:2)
  4 goblins (D:1)
  6 hobgoblins
  3 jackals (D:1)
  2 kobolds (D:2)
  6 ball pythons (D:2)
  6 giant newts
  7 rats
43 creatures vanquished.

Notes
Turn   | Place    | Note
--------------------------------------------------------------
     0 | D:1      | torvon the Merfolk Skald began the quest for the Orb.
     0 | D:1      | Reached XP level 1. HP: 16/16 MP: 3/3
   204 | D:1      | Reached XP level 2. HP: 20/23 MP: 5/5
   300 | D:1      | You fall through a shaft!
   484 | D:2      | Reached XP level 3. HP: 15/28 MP: 1/6
   745 | D:2      | Learned a level 3 spell: Spectral Weapon
   944 | D:2      | Reached skill level 1 in Armour
  1380 | D:2      | Reached XP level 4. HP: 31/34 MP: 1/7
  1417 | D:2      | Learned a level 2 spell: Shroud of Golubria
  1663 | D:3      | Found a white marble altar of Elyvilon.
  1688 | D:3      | Noticed torvon's ghost (amateur DrAK)
  1713 | D:3      | Slain by torvon's ghost

Skill      XL: |  1  2  3 |
---------------+----------+-----
Armour         | 1 |  1.2
Dodging        | 2 |  2.3
Fighting       | |  2.8
Polearms       | |  3.6
Spellcasting   | |  2.3
Charms         | |  3.8

Action                   |  1- 3 |  4- 6 || total
-------------------------+-------+-------++-------
Melee: Spear             |   158 |    22 ||   180
 Cast: Infusion          |     3 |     1 ||     4
       Shroud of Golubri |       |     1 ||     1
  Eat: Bread ration      |     1 |       ||     1
Armor: Leather armour    |    54 |    14 ||    68
Dodge: Dodged            |   112 |    15 ||   127
